BLB
DALLAS DRILLERS @ TORONTO CANADIANS
03/03/2060
 
TOP OF THE 1ST
Dallas Drillers batting - Pitching for Toronto Canadians : LHP Zane Hastings
Pitching: LHP Zane Hastings
Batting: RHB Maurice Johnson 0-0: DOUBLE (Flyball, 8RXD, EV 96.9 MPH)
Batting: RHB Aubrey Albano 0-0: Ball
1-0: Called Strike
1-1: Ball
2-1: Foul Ball, location: 2F
2-2: Foul Ball, location: 2F
2-2: Strikes out swinging
Batting: RHB Latif Won 0-0: Ball
1-0: Fly out, F8 (Flyball, 89S, EV 75.6 MPH)
Batting: RHB Ja'Quan McLaren 0-0: Fly out, F8 (Flyball, 89S, EV 73.1 MPH)
Top of the 1st over - 0 runs, 1 hit, 0 errors, 1 left on base; Dallas 0 - Toronto 0
BOTTOM OF THE 1ST
Toronto Canadians batting - Pitching for Dallas Drillers : LHP Dawson Lamb
Pitching: LHP Dawson Lamb
Batting: RHB Olin Keele 0-0: Called Strike
0-1: DOUBLE (Line Drive, 78M, EV 103.8 MPH)
Batting: LHB Reese Bowman 0-0: Called Strike
0-1: Ball
1-1: Swinging Strike
1-2: Ball
2-2: Ball
3-2: Ground out 4-3 (Groundball, 4M, EV 79.4 MPH)
Olin Keele to third
Batting: LHB Brian Wheat 0-0: Called Strike
0-1: Ball
1-1: Fly out, F9 (Flyball, 89M, EV 78.1 MPH)
Runner from 3rd tags up, SCORES, no throw by RF
Batting: RHB Carlos Kinney 0-0: Ball
1-0: Foul Ball, location: 2F
1-1: Ball
2-1: Ground out 1-3 (Groundball, 15, EV 66.2 MPH)
Bottom of the 1st over - 1 run, 1 hit, 0 errors, 0 left on base; Dallas 0 - Toronto 1
TOP OF THE 2ND
Dallas Drillers batting - Pitching for Toronto Canadians : LHP Zane Hastings
Batting: RHB Pat Trumbo 0-0: Foul Ball, location: 2F
0-1: Foul Ball, location: 2F
0-2: Strikes out swinging
Batting: RHB Jehvon Curry 0-0: Ball
1-0: Foul Ball, location: 2F
1-1: Called Strike
1-2: Ball
2-2: Strikes out swinging
Batting: LHB Devin Welninski 0-0: Ball
1-0: Called Strike
1-1: Ball
2-1: Foul Ball, location: 2F
2-2: Strikes out swinging, 2-3 out at first.
Top of the 2nd over - 0 runs, 0 hits, 0 errors, 0 left on base; Dallas 0 - Toronto 1
BOTTOM OF THE 2ND
Toronto Canadians batting - Pitching for Dallas Drillers : LHP Dawson Lamb
Batting: LHB Kelvin Kenney 0-0: Ball
1-0: Called Strike
1-1: Fly out, F8 (Flyball, 8LS, EV 75.0 MPH)
Batting: RHB Ricky Douglas 0-0: Ball
1-0: Bunted foul
1-1: Ball
2-1: Foul Ball, location: 2F
2-2: Strikes out looking
Batting: LHB David Mitchell 0-0: Fly out, F7 (Flyball, 7, EV 85.6 MPH)
Bottom of the 2nd over - 0 runs, 0 hits, 0 errors, 0 left on base; Dallas 0 - Toronto 1
TOP OF THE 3RD
Dallas Drillers batting - Pitching for Toronto Canadians : LHP Zane Hastings
Batting: RHB Sean Kovacevic 0-0: Foul Ball, location: 2F
0-1: Ball
1-1: Foul Ball, location: 2F
1-2: Fly out, F8 (Flyball, 8LS, EV 91.2 MPH)
Batting: LHB Raymond Crisp 0-0: Called Strike
0-1: Fly out, F9 (Line Drive, 89M, EV 99.4 MPH)
Batting: RHB Maurice Johnson 0-0: Ball
1-0: Foul Ball, location: 2F
1-1: Ball
2-1: Swinging Strike
2-2: Strikes out swinging
Top of the 3rd over - 0 runs, 0 hits, 0 errors, 0 left on base; Dallas 0 - Toronto 1
BOTTOM OF THE 3RD
Toronto Canadians batting - Pitching for Dallas Drillers : LHP Dawson Lamb
Batting: RHB Keon Pryor 0-0: Called Strike
0-1: Ball
1-1: Foul Ball, location: 2F
1-2: Ball
2-2: TRIPLE (Flyball, 78XD, EV 91.9 MPH)
Pitching: RHP Leroy Kettler
Batting: RHB Dave Babb 0-0: Bunted foul
0-1: Squeeze Bunt to 13 - play home, runner scores, batter safe!
Keon Pryor scores
Batting: RHB Olin Keele 0-0: Ball
1-0: Grounds into double play, 4-6-3 (Groundball, 4, EV 100.6 MPH)
Batting: LHB Reese Bowman 0-0: Foul Ball, location: 2F
0-1: Swinging Strike
0-2: Ball
1-2: Ball
2-2: SINGLE (Line Drive, 6D, EV 96.9 MPH)
Batting: LHB Brian Wheat 0-0: Foul Ball, location: 2F
0-1: Ball
1-1: Called Strike
1-2: Strikes out swinging
Bottom of the 3rd over - 1 run, 2 hits, 0 errors, 1 left on base; Dallas 0 - Toronto 2
TOP OF THE 4TH
Dallas Drillers batting - Pitching for Toronto Canadians : LHP Zane Hastings
Batting: RHB Aubrey Albano 0-0: Ball
1-0: Ball
2-0: Foul Ball, location: 2F
2-1: Foul Ball, location: 2F
2-2: Ground out 5-3 (Groundball, 56S, EV 74.4 MPH)
Batting: RHB Latif Won 0-0: SINGLE (Groundball, 56D, EV 105.0 MPH) (infield hit)
Batting: RHB Ja'Quan McLaren 0-0: Foul Ball, location: 2F
0-1: Ball
1-1: Ball
Pickoff Throw to First - Out! 1-3 CS
2-1: Swinging Strike
2-2: SOLO HOME RUN (Flyball, 7D, EV 98.1 MPH), Distance : 385 ft
Batting: RHB Pat Trumbo 0-0: Called Strike
0-1: Ball
1-1: Called Strike
1-2: Strikes out swinging, 2-3 out at first.
Top of the 4th over - 1 run, 2 hits, 0 errors, 0 left on base; Dallas 1 - Toronto 2
BOTTOM OF THE 4TH
Toronto Canadians batting - Pitching for Dallas Drillers : RHP Leroy Kettler
Pitching: RHP Mason Worth
Batting: RHB Carlos Kinney 0-0: Foul Ball, location: 2F
0-1: Ball
1-1: Swinging Strike
1-2: Ball
2-2: Strikes out swinging
Batting: LHB Kelvin Kenney 0-0: Ball
1-0: Called Strike
1-1: Ball
2-1: Swinging Strike
2-2: Strikes out looking
Batting: RHB Ricky Douglas 0-0: Called Strike
0-1: Ball
1-1: Called Strike
1-2: Ball
2-2: Ball
3-2: Foul Ball, location: 2F
3-2: Foul Ball, location: 2F
3-2: Base on Balls
Batting: LHB David Mitchell 0-0: Ball
1-0: Called Strike
1-1: Called Strike
1-2: Ground out 4-3 (Groundball, 4, EV 91.2 MPH)
Bottom of the 4th over - 0 runs, 0 hits, 0 errors, 1 left on base; Dallas 1 - Toronto 2
TOP OF THE 5TH
Dallas Drillers batting - Pitching for Toronto Canadians : LHP Zane Hastings
Now at C: Dave Root
Now at 2B: Jaboree Kafengauz
Now in CF: Ryan De Faria
Batting: RHB Jehvon Curry 0-0: Foul Ball, location: 2F
0-1: Ball
1-1: Swinging Strike
1-2: Strikes out swinging
Batting: LHB Devin Welninski 0-0: Foul Ball, location: 2F
0-1: Ball
1-1: Ground out 4-3 (Groundball, 4M, EV 81.9 MPH)
Batting: RHB Sean Kovacevic 0-0: Ball
1-0: Ball
2-0: Ball
3-0: Called Strike
3-1: Swinging Strike
3-2: Strikes out swinging
Top of the 5th over - 0 runs, 0 hits, 0 errors, 0 left on base; Dallas 1 - Toronto 2
BOTTOM OF THE 5TH
Toronto Canadians batting - Pitching for Dallas Drillers : RHP Mason Worth
Now at C: Donovan Bergin
Now at 1B: Kagan Abbasi
Now at SS: Cooper Heizer
Batting: RHB Keon Pryor 0-0: SINGLE (Line Drive, 89M, EV 96.9 MPH)
Batting: RHB Dave Babb 0-0: Called Strike
Keon Pryor steals 2nd base
0-1: Swinging Strike
0-2: Ball
1-2: Ground out 4-3 (Groundball, 4, EV 91.2 MPH)
Keon Pryor to third
Batting: RHB Jaboree Kafengauz 0-0: Called Strike
0-1: Fly out, F6 (Popup, 6, EV 62.5 MPH)
Pinch Hitting: LHB Braden Tallman 0-0: Ball
1-0: DOUBLE (Groundball, 3L, EV 94.4 MPH)
Keon Pryor scores
Batting: RHB Dave Root 0-0: Ball
1-0: Foul Ball, location: 2F
1-1: Ball
2-1: Ground out 4-3 (Groundball, 4, EV 103.1 MPH)
Bottom of the 5th over - 1 run, 2 hits, 0 errors, 1 left on base; Dallas 1 - Toronto 3
TOP OF THE 6TH
Dallas Drillers batting - Pitching for Toronto Canadians : LHP Zane Hastings
Now in LF: Chase Calhoun
Now in RF: Julius Simpson
Batting: LHB Raymond Crisp 0-0: Ball
1-0: Called Strike
1-1: Ball
2-1: Foul Ball, location: 2F
2-2: Strikes out swinging
Batting: LHB Kagan Abbasi 0-0: Called Strike
0-1: Foul Ball, location: 2F
0-2: Fly out, F9 (Flyball, 9LM, EV 85.0 MPH)
Pinch Hitting: LHB Tito Monyagishali 0-0: Ball
1-0: Swinging Strike
1-1: Foul Ball, location: 2F
1-2: Strikes out swinging
Top of the 6th over - 0 runs, 0 hits, 0 errors, 0 left on base; Dallas 1 - Toronto 3
BOTTOM OF THE 6TH
Toronto Canadians batting - Pitching for Dallas Drillers : RHP Mason Worth
Pitching: LHP Gunnar Keel
Now at 2B: Tito Monyagishali
Now in CF: Stephen Snowbarger
Pinch Hitting: LHB Cory Petit 0-0: Ball
1-0: Foul Ball, location: 2F
1-1: Ground out 4-3 (Groundball, 4S, EV 92.5 MPH)
Batting: LHB Chase Calhoun 0-0: Called Strike
0-1: Foul Ball, location: 2F
0-2: Ball
1-2: Strikes out swinging
Batting: LHB Romeo Nester 0-0: Ball
1-0: Fly out, F9 (Line Drive, 9, EV 110.6 MPH)
Bottom of the 6th over - 0 runs, 0 hits, 0 errors, 0 left on base; Dallas 1 - Toronto 3
TOP OF THE 7TH
Dallas Drillers batting - Pitching for Toronto Canadians : LHP Zane Hastings
Pitching: RHP Deion Hillard
Now at 1B: Cory Petit
Batting: RHB Donovan Bergin 0-0: Ball
1-0: Ground out 4-3 (Groundball, 4S, EV 71.2 MPH)
Batting: LHB Lukas Hart 0-0: Foul Ball, location: 2F
0-1: Swinging Strike
0-2: Strikes out swinging
Pinch Hitting: LHB Ed Baker 0-0: Ball
1-0: Ball
2-0: Ball
3-0: Base on Balls
Pinch Hitting: RHB Sylvan Troke 0-0: Swinging Strike
0-1: Ball
1-1: Foul Ball, location: 2F
1-2: Strikes out swinging
Top of the 7th over - 0 runs, 0 hits, 0 errors, 1 left on base; Dallas 1 - Toronto 3
BOTTOM OF THE 7TH
Toronto Canadians batting - Pitching for Dallas Drillers : LHP Gunnar Keel
Now at 3B: Sylvan Troke
Now in RF: Ed Baker
Batting: RHB Ryan De Faria 0-0: Foul Ball, location: 2F
0-1: Swinging Strike
0-2: Ball
1-2: Ball
2-2: Strikes out swinging
Batting: RHB Keon Pryor 0-0: Ground out 5-3 (Groundball, 56, EV 91.9 MPH)
Batting: RHB Dave Babb 0-0: Foul Ball, location: 2F
0-1: Swinging Strike
0-2: Strikes out swinging
Bottom of the 7th over - 0 runs, 0 hits, 0 errors, 0 left on base; Dallas 1 - Toronto 3
TOP OF THE 8TH
Dallas Drillers batting - Pitching for Toronto Canadians : RHP Deion Hillard
Pitching: RHP Dario Gibbs
Pinch Hitting: LHB Kade Cotto 0-0: Ball
1-0: SINGLE (Line Drive, 8RS, EV 95.0 MPH)
Batting: SHB Cooper Heizer 0-0: Ball
1-0: Foul Ball, location: 2F
1-1: Ball
2-1: Called Strike
2-2: Ball
3-2: Strikes out looking
Kade Cotto is caught stealing 2nd base 2-6
Batter strikes out.
Batting: LHB Stephen Snowbarger 0-0: Ball
1-0: Swinging Strike
1-1: Ball
2-1: Fly out, F9 (Flyball, 9D, EV 87.5 MPH)
Top of the 8th over - 0 runs, 1 hit, 0 errors, 0 left on base; Dallas 1 - Toronto 3
BOTTOM OF THE 8TH
Toronto Canadians batting - Pitching for Dallas Drillers : LHP Gunnar Keel
Pitching: RHP Henry Kemp
Now in LF: Kade Cotto
Batting: RHB Jaboree Kafengauz 0-0: Called Strike
0-1: Ball
1-1: Swinging Strike
1-2: Ball
2-2: Strikes out looking
Batting: RHB Julius Simpson 0-0: Fly out, F8 (Line Drive, 8LM, EV 88.1 MPH)
Batting: RHB Dave Root 0-0: Called Strike
0-1: Ball
1-1: Called Strike
1-2: Foul Ball, location: 2F
1-2: Fly out, F2 (Popup, 23F, EV 88.1 MPH)
Bottom of the 8th over - 0 runs, 0 hits, 0 errors, 0 left on base; Dallas 1 - Toronto 3
TOP OF THE 9TH
Dallas Drillers batting - Pitching for Toronto Canadians : RHP Dario Gibbs
Pitching: RHP Brian Clark
Batting: LHB Kagan Abbasi 0-0: Swinging Strike
0-1: Called Strike
0-2: Ball
1-2: Ball
2-2: Ball
3-2: Foul Ball, location: 2F
3-2: Foul Ball, location: 2F
3-2: Foul Ball, location: 2F
3-2: Hit by Pitch
Batting: LHB Tito Monyagishali 0-0: Foul Ball, location: 2F
0-1: Ball
1-1: Called Strike
1-2: Foul Ball, location: 2F
1-2: Strikes out swinging
Pinch Hitting: LHB Tony May 0-0: Ball
1-0: Swinging Strike
1-1: SINGLE (Line Drive, 89S, EV 89.4 MPH)
Kagan Abbasi to second
Batting: LHB Lukas Hart 0-0: Swinging Strike
0-1: Ball
1-1: Swinging Strike
1-2: Ball
2-2: Strikes out swinging
Batting: LHB Ed Baker 0-0: Called Strike
0-1: Ball
1-1: Swinging Strike
1-2: Ball
2-2: Foul Ball, location: 2F
2-2: Strikes out swinging
Top of the 9th over - 0 runs, 1 hit, 0 errors, 2 left on base; Dallas 1 - Toronto 3
Tuesday, April 16th , 2024 - OOTP Baseball 23.10 Build 110